| TOP OF THE 1ST |
|
Harrisburg Senators batting - Pitching for Springfield Cardinals : LHP Nigel Turner
|
|
Pitching: LHP Nigel Turner
|
|
|
Batting: RHB Pat Barton
|
0-0: Swinging Strike 0-1: Fly out, F4 (Popup, 4S, EV 75.6 MPH)
|
|
Batting: RHB Er Le
|
0-0: Called Strike 0-1: Ball 1-1: Foul Ball, location: 2F 1-2: Ground out 5-3 (Groundball, 56, EV 90.0 MPH)
|
|
Batting: LHB Doug Anderson
|
0-0: Ball 1-0: Called Strike 1-1: Ball 2-1: Foul Ball, location: 2F 2-2: Fly out, F8 (Flyball, 78D, EV 106.9 MPH)
|
| Top of the 1st over - 0 runs, 0 hits, 0 errors, 0 left on base; Harrisburg 0 - Springfield 0 |
| BOTTOM OF THE 1ST |
|
Springfield Cardinals batting - Pitching for Harrisburg Senators : LHP Manny Ruiz
|
|
Pitching: LHP Manny Ruiz
|
|
|
Batting: RHB Jeff Long
|
0-0: Called Strike 0-1: Fly out, F7 (Flyball, 78M, EV 89.4 MPH)
|
|
Batting: RHB McGwire Jones
|
0-0: Ball 1-0: Ball 2-0: Ball 3-0: Hit by Pitch
|
|
Batting: RHB Jose Ramos
|
0-0: Called Strike 0-1: Foul Ball, location: 2F 0-2: Ball 1-2: Ball 2-2: Strikes out swinging
|
|
Batting: RHB Fortunato Fteira
|
0-0: Ball 1-0: Ball 2-0: Ball 3-0: Base on Balls McGwire Jones to second
|
|
Batting: LHB Angelo Vasquez
|
0-0: Ball 1-0: Swinging Strike 1-1: Ball 2-1: Foul Ball, location: 2F 2-2: Ball 3-2: SINGLE (Groundball, 4MD, EV 109.4 MPH) McGwire Jones to third Fortunato Fteira to second McGwire Jones scores Fortunato Fteira to third
|
|
Batting: LHB Travis Ruppel
|
0-0: Ball 1-0: SINGLE (Line Drive, 9S, EV 98.1 MPH) Fortunato Fteira scores Angelo Vasquez to second Runner from 2nd tries for 3rd, SAFE, throw by RF made to third
|
|
Batting: RHB Davey Beeson
|
0-0: Foul Ball, location: 2F 0-1: Swinging Strike 0-2: Ball 1-2: Ground out 4-3 (Groundball, 4, EV 87.5 MPH)
|
| Bottom of the 1st over - 2 runs, 2 hits, 0 errors, 2 left on base; Harrisburg 0 - Springfield 2 |
| TOP OF THE 2ND |
|
Harrisburg Senators batting - Pitching for Springfield Cardinals : LHP Nigel Turner
|
|
Batting: RHB Dave Brabo
|
0-0: Foul Ball, location: 2F 0-1: Ball 1-1: Swinging Strike 1-2: Strikes out swinging
|
|
Batting: LHB Chris Williams
|
0-0: Called Strike 0-1: Foul Ball, location: 2F 0-2: Ball 1-2: Ball 2-2: Ground out 5-3 (Groundball, 56S, EV 85.6 MPH)
|
|
Batting: RHB Jelexiz Cuenca
|
0-0: Ball 1-0: Swinging Strike 1-1: Ball 2-1: Ball 3-1: Base on Balls
|
|
Batting: LHB Chance McWilliams
|
0-0: Fly out, F7 (Flyball, 7, EV 98.1 MPH)
|
| Top of the 2nd over - 0 runs, 0 hits, 0 errors, 1 left on base; Harrisburg 0 - Springfield 2 |
| BOTTOM OF THE 2ND |
|
Springfield Cardinals batting - Pitching for Harrisburg Senators : LHP Manny Ruiz
|
|
Batting: RHB Immel Kamuzu
|
0-0: Called Strike 0-1: Ball 1-1: Called Strike 1-2: Ball 2-2: Strikes out swinging
|
|
Batting: RHB Kalidas Mishra
|
0-0: Ball 1-0: Ball 2-0: Called Strike 2-1: Ground out 1-3 (Groundball, 34S, EV 72.5 MPH)
|
|
Batting: RHB Jeff Long
|
0-0: Ball 1-0: Called Strike 1-1: Ball 2-1: Ball 3-1: Foul Ball, location: 2F 3-2: Base on Balls
|
|
Batting: RHB McGwire Jones
|
0-0: Swinging Strike 0-1: Ball 1-1: Foul Ball, location: 2F 1-2: DOUBLE (Line Drive, 5D, EV 106.9 MPH) Jeff Long to third Runner from 3rd tries for Home, SAFE, throw by LF to home
|
|
Batting: RHB Jose Ramos
|
0-0: Ball 1-0: Called Strike 1-1: Foul Ball, location: 2F 1-2: Ball 2-2: Ball 3-2: Strikes out swinging
|
| Bottom of the 2nd over - 1 run, 1 hit, 0 errors, 1 left on base; Harrisburg 0 - Springfield 3 |
| TOP OF THE 3RD |
|
Harrisburg Senators batting - Pitching for Springfield Cardinals : LHP Nigel Turner
|
|
Batting: RHB Antonio Vallez
|
0-0: Foul Ball, location: 2F 0-1: Swinging Strike 0-2: Foul Ball, location: 2F 0-2: Strikes out swinging, 2-3 out at first.
|
|
Batting: RHB Roger Simmons
|
0-0: Called Strike 0-1: Ball 1-1: SOLO HOME RUN (Flyball, 89XD, EV 105.0 MPH), Distance : 407 ft
|
|
Batting: RHB Pat Barton
|
0-0: Ball 1-0: Called Strike 1-1: Swinging Strike 1-2: Ball 2-2: Ground out 6-3 (Groundball, 6, EV 100.0 MPH)
|
|
Batting: RHB Er Le
|
0-0: Ball 1-0: Ball 2-0: Called Strike 2-1: SINGLE (Line Drive, 8LS, EV 91.2 MPH)
|
|
Batting: LHB Doug Anderson
|
0-0: Called Strike 0-1: Foul Ball, location: 2F 0-2: Ball 1-2: Foul Ball, location: 2F 1-2: Ball 2-2: Fly out, F6 (Line Drive, 6, EV 68.8 MPH)
|
| Top of the 3rd over - 1 run, 2 hits, 0 errors, 1 left on base; Harrisburg 1 - Springfield 3 |
| BOTTOM OF THE 3RD |
|
Springfield Cardinals batting - Pitching for Harrisburg Senators : LHP Manny Ruiz
|
|
Batting: RHB Fortunato Fteira
|
0-0: Called Strike 0-1: Swinging Strike 0-2: Ball 1-2: Fly out, F8 (Line Drive, 8LM, EV 85.0 MPH)
|
|
Batting: LHB Angelo Vasquez
|
0-0: Called Strike 0-1: Ball 1-1: Ground out U3 (Groundball, 34S, EV 85.0 MPH)
|
|
Batting: LHB Travis Ruppel
|
0-0: Called Strike 0-1: Ball 1-1: Swinging Strike 1-2: Strikes out looking
|
| Bottom of the 3rd over - 0 runs, 0 hits, 0 errors, 0 left on base; Harrisburg 1 - Springfield 3 |
| TOP OF THE 4TH |
|
Harrisburg Senators batting - Pitching for Springfield Cardinals : LHP Nigel Turner
|
|
Batting: RHB Dave Brabo
|
0-0: Ball 1-0: Ball 2-0: Ball 3-0: Called Strike 3-1: Swinging Strike 3-2: Base on Balls
|
|
Batting: LHB Chris Williams
|
0-0: Ball 1-0: Called Strike Dave Brabo is caught stealing 2nd base 2-6 1-1: Swinging Strike 1-2: Fly out, F7 (Flyball, 7, EV 86.9 MPH)
|
|
Batting: RHB Jelexiz Cuenca
|
0-0: Ground out 5-3 (Groundball, 5, EV 110.0 MPH)
|
| Top of the 4th over - 0 runs, 0 hits, 0 errors, 0 left on base; Harrisburg 1 - Springfield 3 |
| BOTTOM OF THE 4TH |
|
Springfield Cardinals batting - Pitching for Harrisburg Senators : LHP Manny Ruiz
|
|
Batting: RHB Davey Beeson
|
0-0: Called Strike 0-1: Swinging Strike 0-2: Foul Ball, location: 2F 0-2: SINGLE (Groundball, 4MD, EV 98.1 MPH)
|
|
Batting: RHB Immel Kamuzu
|
0-0: Ball 1-0: SINGLE (Line Drive, 6D, EV 99.4 MPH) Davey Beeson to second
|
|
Batting: RHB Kalidas Mishra
|
0-0: Ball 1-0: Called Strike 1-1: Ball 2-1: Foul Ball, location: 2F 2-2: Fly out, F8 (Line Drive, 8RM, EV 101.2 MPH)
|
|
Batting: RHB Jeff Long
|
0-0: Ball 1-0: Called Strike 1-1: Ball 2-1: Grounds into double play, 6-4-3 (Groundball, 6, EV 84.4 MPH)
|
| Bottom of the 4th over - 0 runs, 2 hits, 0 errors, 1 left on base; Harrisburg 1 - Springfield 3 |
| TOP OF THE 5TH |
|
Harrisburg Senators batting - Pitching for Springfield Cardinals : LHP Nigel Turner
|
|
Batting: LHB Chance McWilliams
|
0-0: Called Strike 0-1: Foul Ball, location: 2F 0-2: Foul Ball, location: 2F 0-2: Strikes out swinging
|
|
Batting: RHB Antonio Vallez
|
0-0: Ground out 6-3 (Groundball, P, EV 91.2 MPH)
|
|
Batting: RHB Roger Simmons
|
0-0: Swinging Strike 0-1: Ball 1-1: Ball 2-1: Swinging Strike 2-2: Ground out 2-3 (Groundball, 15S, EV 65.6 MPH)
|
| Top of the 5th over - 0 runs, 0 hits, 0 errors, 0 left on base; Harrisburg 1 - Springfield 3 |
| BOTTOM OF THE 5TH |
|
Springfield Cardinals batting - Pitching for Harrisburg Senators : LHP Manny Ruiz
|
|
Batting: RHB McGwire Jones
|
0-0: SINGLE (Line Drive, 56D, EV 97.5 MPH)
|
|
Batting: RHB Jose Ramos
|
0-0: Ball 1-0: Called Strike 1-1: Ball 2-1: Swinging Strike 2-2: Foul Ball, location: 2F 2-2: Ball 3-2: Grounds into double play, 6-4-3 (Groundball, 6, EV 84.4 MPH)
|
|
Batting: RHB Fortunato Fteira
|
0-0: Ball 1-0: Fly out, F7 (Line Drive, 78M, EV 94.4 MPH)
|
| Bottom of the 5th over - 0 runs, 1 hit, 0 errors, 0 left on base; Harrisburg 1 - Springfield 3 |
| TOP OF THE 6TH |
|
Harrisburg Senators batting - Pitching for Springfield Cardinals : LHP Nigel Turner
|
|
Batting: RHB Pat Barton
|
0-0: Ball 1-0: Ball 2-0: Ball 3-0: Called Strike 3-1: Called Strike 3-2: Strikes out looking
|
|
Batting: RHB Er Le
|
0-0: Called Strike 0-1: Ball 1-1: Called Strike 1-2: Strikes out looking
|
|
Batting: LHB Doug Anderson
|
0-0: Swinging Strike 0-1: Called Strike 0-2: Ground out 6-3 (Groundball, 6, EV 106.2 MPH)
|
| Top of the 6th over - 0 runs, 0 hits, 0 errors, 0 left on base; Harrisburg 1 - Springfield 3 |
| BOTTOM OF THE 6TH |
|
Springfield Cardinals batting - Pitching for Harrisburg Senators : LHP Manny Ruiz
|
|
Batting: LHB Angelo Vasquez
|
0-0: Ball 1-0: Fly out, F7 (Flyball, 7, EV 95.0 MPH)
|
|
Batting: LHB Travis Ruppel
|
0-0: Called Strike 0-1: Ball 1-1: Ball 2-1: Swinging Strike 2-2: Ball 3-2: Base on Balls
|
|
Pitching: RHP David Koski
|
|
|
Batting: RHB Davey Beeson
|
0-0: Called Strike 0-1: Ball 1-1: Fly out, F7 (Flyball, 7, EV 88.8 MPH)
|
|
Batting: RHB Immel Kamuzu
|
0-0: Called Strike 0-1: Fly out, F3 (Line Drive, 3, EV 73.1 MPH)
|
| Bottom of the 6th over - 0 runs, 0 hits, 0 errors, 1 left on base; Harrisburg 1 - Springfield 3 |
| TOP OF THE 7TH |
|
Harrisburg Senators batting - Pitching for Springfield Cardinals : LHP Nigel Turner
|
|
Batting: RHB Dave Brabo
|
0-0: Foul Ball, location: 2F 0-1: Ball 1-1: Ball 2-1: SOLO HOME RUN (Flyball, 7LD, EV 94.4 MPH), Distance : 331 ft
|
|
Batting: LHB Chris Williams
|
0-0: Hit by Pitch
|
|
Batting: RHB Jelexiz Cuenca
|
0-0: Ball 1-0: Foul Ball, location: 2F 1-1: Fly out, F8 (Line Drive, 8RD, EV 102.5 MPH)
|
|
Pinch Hitting: RHB Bobby Bricker
|
0-0: Fielders Choice at 2nd, 1-4 (Groundball, P, EV 68.8 MPH)
|
|
Batting: RHB Antonio Vallez
|
0-0: Called Strike 0-1: Foul Ball, location: 2F 0-2: Ball 1-2: Strikes out swinging
|
| Top of the 7th over - 1 run, 1 hit, 0 errors, 1 left on base; Harrisburg 2 - Springfield 3 |
| BOTTOM OF THE 7TH |
|
Springfield Cardinals batting - Pitching for Harrisburg Senators : RHP David Koski
|
|
Now in LF: Doug Anderson
|
|
|
Now in CF: Chris Williams
|
|
|
Now in RF: Vince McLane
|
|
|
Batting: RHB Kalidas Mishra
|
0-0: Called Strike 0-1: Ground out 6-3 (Groundball, P, EV 87.5 MPH)
|
|
Batting: RHB Jeff Long
|
0-0: Ball 1-0: Ball 2-0: Called Strike 2-1: Foul Ball, location: 2F 2-2: Ball 3-2: Strikes out swinging
|
|
Batting: RHB McGwire Jones
|
0-0: Foul Ball, location: 2F 0-1: Swinging Strike 0-2: Strikes out swinging
|
| Bottom of the 7th over - 0 runs, 0 hits, 0 errors, 0 left on base; Harrisburg 2 - Springfield 3 |
| TOP OF THE 8TH |
|
Harrisburg Senators batting - Pitching for Springfield Cardinals : LHP Nigel Turner
|
|
Batting: RHB Roger Simmons
|
0-0: Ball 1-0: SOLO HOME RUN (Flyball, 78XD, EV 103.8 MPH), Distance : 422 ft
|
|
Batting: RHB Pat Barton
|
0-0: Ball 1-0: Swinging Strike 1-1: Ball 2-1: Foul Ball, location: 2F 2-2: Strikes out looking
|
|
Batting: RHB Er Le
|
0-0: Called Strike 0-1: Ball 1-1: Ball 2-1: Reached on error, E3 (Groundball, 3, EV 95.0 MPH)
|
|
Pitching: LHP Mike Cobb
|
|
|
Batting: LHB Doug Anderson
|
0-0: Ball 1-0: Ball 2-0: Called Strike 2-1: Ball 3-1: Base on Balls Er Le to second
|
|
Batting: RHB Dave Brabo
|
0-0: Ball 1-0: Called Strike 1-1: Ball 2-1: Called Strike 2-2: Strikes out looking
|
|
Batting: LHB Chris Williams
|
0-0: Called Strike 0-1: Called Strike 0-2: Foul Ball, location: 2F 0-2: Strikes out swinging
|
| Top of the 8th over - 1 run, 1 hit, 1 error, 2 left on base; Harrisburg 3 - Springfield 3 |
| BOTTOM OF THE 8TH |
|
Springfield Cardinals batting - Pitching for Harrisburg Senators : RHP David Koski
|
|
Batting: RHB Jose Ramos
|
0-0: Ball 1-0: Called Strike 1-1: Swinging Strike 1-2: Ball 2-2: Fly out, F8 (Flyball, 8RM, EV 88.8 MPH)
|
|
Pinch Hitting: LHB Ronnie Ashley
|
0-0: Ball 1-0: Fly out, F4 (Popup, 4, EV 66.2 MPH)
|
|
Pitching: LHP Eric Bice
|
|
|
Batting: RHB Tommy Boudreaux
|
0-0: Ball 1-0: Called Strike 1-1: Ball 2-1: Ball 3-1: Foul Ball, location: 2F 3-2: Base on Balls
|
|
Batting: LHB Travis Ruppel
|
0-0: Ball Tommy Boudreaux is caught stealing 2nd base 2-6
|
| Bottom of the 8th over - 0 runs, 0 hits, 0 errors, 0 left on base; Harrisburg 3 - Springfield 3 |
| TOP OF THE 9TH |
|
Harrisburg Senators batting - Pitching for Springfield Cardinals : LHP Mike Cobb
|
|
Now in LF: McGwire Jones
|
|
|
Now in CF: Juan Martinez
|
|
|
Batting: RHB Jelexiz Cuenca
|
0-0: Ball 1-0: Foul Ball, location: 2F 1-1: Ball 2-1: Ball 3-1: Ground out 4-3 (Groundball, 4, EV 93.1 MPH)
|
|
Batting: LHB Vince McLane
|
0-0: Foul Ball, location: 2F 0-1: Ball 1-1: SINGLE (Line Drive, 9S, EV 101.9 MPH)
|
|
Batting: RHB Antonio Vallez
|
0-0: Foul Ball, location: 2F 0-1: 2-RUN HOME RUN (Flyball, 89XD, EV 100.6 MPH), Distance : 395 ft
|
|
Batting: RHB Roger Simmons
|
0-0: Ball 1-0: Ball 2-0: Swinging Strike 2-1: SINGLE (Groundball, 6D, EV 93.8 MPH)
|
|
Batting: RHB Pat Barton
|
0-0: Called Strike 0-1: Fielders Choice at 2nd, 6-4 (Groundball, 6, EV 84.4 MPH)
|
|
Batting: RHB Er Le
|
0-0: Swinging Strike 0-1: Swinging Strike 0-2: Strikes out swinging
|
| Top of the 9th over - 2 runs, 3 hits, 0 errors, 1 left on base; Harrisburg 5 - Springfield 3 |
| BOTTOM OF THE 9TH |
|
Springfield Cardinals batting - Pitching for Harrisburg Senators : LHP Eric Bice
|
|
Pitching: RHP Aaron McKinney
|
|
|
Batting: LHB Travis Ruppel
|
0-0: Called Strike 0-1: Ball 1-1: Ball 2-1: Ball 3-1: Foul Ball, location: 2F 3-2: Strikes out looking
|
|
Batting: RHB Davey Beeson
|
0-0: Ball 1-0: Called Strike 1-1: Called Strike 1-2: Ball 2-2: Foul Ball, location: 2F 2-2: DOUBLE (Line Drive, 78D, EV 106.9 MPH)
|
|
Batting: RHB Immel Kamuzu
|
0-0: Called Strike 0-1: Ball 1-1: Ball 2-1: Foul Ball, location: 2F 2-2: Ball 3-2: Strikes out swinging
|
|
Batting: RHB Kalidas Mishra
|
0-0: Ground out 5-3 (Groundball, 56, EV 98.8 MPH)
|
| Bottom of the 9th over - 0 runs, 1 hit, 0 errors, 1 left on base; Harrisburg 5 - Springfield 3 |
|